MLB
LAS VEGAS HUSTLE @ SAN FRANCISCO GIANTS
06/28/2098
 
TOP OF THE 1ST
Las Vegas Hustle batting - Pitching for San Francisco Giants : RHP Andy Cote
Pitching: RHP Andy Cote
Batting: RHB Rick Roberds 0-0: Reached on error, E5 (Groundball, 56, EV 87.5 MPH)
Batting: SHB Jose Espinoza 0-0: Called Strike
0-1: Ball
1-1: Ball
2-1: Called Strike
2-2: SINGLE (Groundball, 6MD, EV 97.5 MPH)
Rick Roberds to second
Runner from 2nd tries for 3rd, SAFE, no throw by CF
Batting: RHB John Conway 0-0: Ball
1-0: Called Strike
1-1: Ball
2-1: Foul Ball, location: 2F
2-2: Ball
3-2: Base on Balls
Jose Espinoza to second
Batting: RHB Tony Ledezma 0-0: Swinging Strike
0-1: Ball
1-1: Swinging Strike
1-2: Strikes out swinging
Batting: LHB Yazid Deacon 0-0: Foul Ball, location: 2F
0-1: Called Strike
0-2: Strikes out looking
Batting: SHB Josh Osborne 0-0: Swinging Strike
0-1: Foul Ball, location: 3F
0-2: Ball
1-2: Strikes out swinging
Top of the 1st over - 0 runs, 1 hit, 1 error, 3 left on base; Las Vegas 0 - San Francisco 0
BOTTOM OF THE 1ST
San Francisco Giants batting - Pitching for Las Vegas Hustle : LHP Jose Cruz
Pitching: LHP Jose Cruz
Batting: RHB Erik Mulloy 0-0: Swinging Strike
0-1: Swinging Strike
0-2: SINGLE (Line Drive, 8RS, EV 98.1 MPH)
Batting: RHB Dave Melton 0-0: Ball
Erik Mulloy is caught stealing 2nd base 2-4
1-0: Swinging Strike
1-1: Ball
2-1: DOUBLE (Line Drive, 7LS, EV 108.1 MPH)
Batting: RHB Masataka Kato 0-0: Ground out 6-3 (Groundball, 6, EV 85.0 MPH)
Dave Melton to third
Batting: LHB Daniel Cipolla 0-0: Ball
1-0: Ball
2-0: Foul Ball, location: 3FF
2-1: Ball
3-1: Swinging Strike
3-2: Ground out U3 (Groundball, 3L, EV 99.4 MPH)
Bottom of the 1st over - 0 runs, 2 hits, 0 errors, 1 left on base; Las Vegas 0 - San Francisco 0
TOP OF THE 2ND
Las Vegas Hustle batting - Pitching for San Francisco Giants : RHP Andy Cote
Batting: RHB Norge Carlos Hernandez 0-0: DOUBLE (Flyball, 78D, EV 100.6 MPH)
Batting: RHB Clint Hurley 0-0: Ball
1-0: Foul Ball, location: 2F
1-1: Ball
2-1: Ball
3-1: Called Strike
3-2: Ground out 6-3 (Groundball, 56, EV 86.9 MPH)
Batting: RHB Karl Robbins 0-0: Ball
1-0: Ball
2-0: Called Strike
2-1: Called Strike
2-2: Single, Error in OF, E8, batter to second base (Groundball, 4MD, EV 105.6 MPH)
Norge Carlos Hernandez scores
Batting: RHB Rick Roberds 0-0: Ball
1-0: Foul Ball, location: 9LMF
1-1: Foul Ball, location: 9LMF
1-2: Strikes out swinging
Batting: SHB Jose Espinoza 0-0: Called Strike
0-1: Ground out 4-3 (Groundball, 4D, EV 98.1 MPH)
Top of the 2nd over - 1 run, 2 hits, 1 error, 1 left on base; Las Vegas 1 - San Francisco 0
BOTTOM OF THE 2ND
San Francisco Giants batting - Pitching for Las Vegas Hustle : LHP Jose Cruz
Batting: RHB David Bishop 0-0: Called Strike
0-1: Foul Ball, location: 9LMF
0-2: Fly out, F8 (Flyball, 8LXD, EV 105.0 MPH)
Batting: RHB Danny Bute 0-0: Foul Ball, location: 7LSF
0-1: Ball
1-1: Called Strike
1-2: Ball
2-2: Ball
3-2: Foul Ball, location: 5F
3-2: Base on Balls
Batting: SHB Josh Packard 0-0: Called Strike
0-1: Swinging Strike
0-2: Ball
1-2: Ball
2-2: Strikes out swinging
Batting: RHB Kevin Mosemann 0-0: Ball
1-0: Ball
2-0: Called Strike
2-1: Ball
3-1: Foul Ball, location: 2F
3-2: SINGLE (Groundball, P, EV 80.0 MPH) (infield hit)
Danny Bute to second
Batting: RHB Ben Presley 0-0: Called Strike
0-1: Foul Ball, location: 25F
0-2: Strikes out swinging
Bottom of the 2nd over - 0 runs, 1 hit, 0 errors, 2 left on base; Las Vegas 1 - San Francisco 0
TOP OF THE 3RD
Las Vegas Hustle batting - Pitching for San Francisco Giants : RHP Andy Cote
Batting: RHB John Conway 0-0: Called Strike
0-1: Ball
1-1: Ball
2-1: Foul Ball, location: 25F
2-2: Strikes out swinging
Batting: RHB Tony Ledezma 0-0: Ball
1-0: Ball
2-0: Ball
3-0: Base on Balls
Batting: LHB Yazid Deacon 0-0: Swinging Strike
0-1: Swinging Strike
0-2: Ball
1-2: Strikes out swinging
Batting: SHB Josh Osborne 0-0: Called Strike
0-1: Foul Ball, location: 2F
0-2: Ball
1-2: SINGLE (Line Drive, 34D, EV 98.1 MPH)
Tony Ledezma to second
Runner from 2nd tries for 3rd, SAFE, no throw by RF
Batting: RHB Norge Carlos Hernandez 0-0: Ball
1-0: Ball
2-0: Foul Ball, location: 5F
2-1: Called Strike
2-2: Foul Ball, location: 9LSF
2-2: Fly out, F8 (Flyball, 8RD, EV 95.0 MPH)
Top of the 3rd over - 0 runs, 1 hit, 0 errors, 2 left on base; Las Vegas 1 - San Francisco 0
BOTTOM OF THE 3RD
San Francisco Giants batting - Pitching for Las Vegas Hustle : LHP Jose Cruz
Batting: RHB Erik Mulloy 0-0: Called Strike
0-1: Ball
1-1: Ball
2-1: Ball
3-1: Called Strike
3-2: DOUBLE (Line Drive, 78D, EV 104.4 MPH)
Batting: RHB Dave Melton 0-0: Bunt missed!
0-1: Ball
1-1: Bunted foul
1-2: Ground out 1-3 (Groundball, 13S, EV 70.0 MPH)
Erik Mulloy to third
Batting: RHB Masataka Kato 0-0: Ball
1-0: Swinging Strike
1-1: Foul Ball, location: 3F
1-2: Foul Ball, location: 25F
1-2: Ball
2-2: Ground out 4-3 (Groundball, 4, EV 108.1 MPH)
Batting: LHB Daniel Cipolla 0-0: Called Strike
0-1: Swinging Strike
0-2: Fly out, F8 (Flyball, 89D, EV 107.5 MPH)
Bottom of the 3rd over - 0 runs, 1 hit, 0 errors, 1 left on base; Las Vegas 1 - San Francisco 0
TOP OF THE 4TH
Las Vegas Hustle batting - Pitching for San Francisco Giants : RHP Andy Cote
Batting: RHB Clint Hurley 0-0: Ball
1-0: Ball
2-0: Called Strike
2-1: Ground out U3 (Groundball, 34, EV 86.9 MPH)
Batting: RHB Karl Robbins 0-0: Called Strike
0-1: Called Strike
0-2: DOUBLE (Line Drive, 7LM, EV 101.3 MPH)
Batting: RHB Rick Roberds 0-0: Ball
1-0: Fly out, F8 (Line Drive, 8LM, EV 89.4 MPH)
Batting: SHB Jose Espinoza 0-0: Called Strike
0-1: Ball
1-1: Ball
2-1: Ground out 4-3 (Groundball, 34D, EV 104.4 MPH)
Top of the 4th over - 0 runs, 1 hit, 0 errors, 1 left on base; Las Vegas 1 - San Francisco 0
BOTTOM OF THE 4TH
San Francisco Giants batting - Pitching for Las Vegas Hustle : LHP Jose Cruz
Batting: RHB David Bishop 0-0: Called Strike
0-1: Ball
1-1: Ball
2-1: Ball
3-1: Base on Balls
Batting: RHB Danny Bute 0-0: Ball
1-0: Ball
2-0: Ball
3-0: Fly out, F5 (Popup, 5SF, EV 69.4 MPH)
Batting: SHB Josh Packard 0-0: Called Strike
0-1: Ball
1-1: Foul Ball, location: 3SF
1-2: Foul Ball, location: 9LSF
1-2: Foul Ball, location: 3FF
1-2: Ball
2-2: Fielders Choice at 2nd, 6-4 (Groundball, 6, EV 103.8 MPH)
Batting: RHB Kevin Mosemann 0-0: Swinging Strike
0-1: Ball
1-1: Foul Ball, location: 3DF
1-2: Ball
2-2: Ball
3-2: Foul Ball, location: 7LMFF
3-2: Foul Ball, location: 2F
3-2: Foul Ball, location: 9LSF
3-2: SINGLE (Line Drive, 6MD, EV 100.0 MPH)
Josh Packard to second
Josh Packard to third
Batting: RHB Ben Presley 0-0: Swinging Strike
0-1: Foul Ball, location: 2F
0-2: Ball
1-2: Strikes out looking
Bottom of the 4th over - 0 runs, 1 hit, 0 errors, 2 left on base; Las Vegas 1 - San Francisco 0
TOP OF THE 5TH
Las Vegas Hustle batting - Pitching for San Francisco Giants : RHP Andy Cote
Batting: RHB John Conway 0-0: Called Strike
0-1: Called Strike
0-2: Strikes out swinging
Batting: RHB Tony Ledezma 0-0: Ball
1-0: Called Strike
1-1: Foul Ball, location: 2F
1-2: Foul Ball, location: 3DF
1-2: Ground out 6-3 (Groundball, 56D, EV 93.8 MPH)
Batting: LHB Yazid Deacon 0-0: Called Strike
0-1: Called Strike
0-2: Ball
1-2: Strikes out swinging
Top of the 5th over - 0 runs, 0 hits, 0 errors, 0 left on base; Las Vegas 1 - San Francisco 0
BOTTOM OF THE 5TH
San Francisco Giants batting - Pitching for Las Vegas Hustle : LHP Jose Cruz
Batting: RHB Erik Mulloy 0-0: Called Strike
0-1: Ball
1-1: Ground out 4-3 (Groundball, 4, EV 103.1 MPH)
Batting: RHB Dave Melton 0-0: Ball
1-0: Called Strike
1-1: Ball
2-1: Ball
3-1: Called Strike
3-2: Strikes out swinging
Batting: RHB Masataka Kato 0-0: Ball
1-0: Called Strike
1-1: SINGLE (Groundball, 6D, EV 100.0 MPH)
Batting: LHB Daniel Cipolla 0-0: Ball
1-0: Ball
2-0: Foul Ball, location: 25F
2-1: Ball
3-1: SINGLE (Flyball, 8LS, EV 91.3 MPH)
Masataka Kato to second
Batting: RHB David Bishop 0-0: Swinging Strike
0-1: Foul Ball, location: 2F
0-2: Foul Ball, location: 9LSF
0-2: Ball
1-2: Ball
2-2: Strikes out swinging
Bottom of the 5th over - 0 runs, 2 hits, 0 errors, 2 left on base; Las Vegas 1 - San Francisco 0
TOP OF THE 6TH
Las Vegas Hustle batting - Pitching for San Francisco Giants : RHP Andy Cote
Batting: SHB Josh Osborne 0-0: Ball
1-0: Foul Ball, location: 25F
1-1: Foul Ball, location: 5FF
1-2: Foul Ball, location: 2F
1-2: Ball
2-2: Foul Ball, location: 7LDF
2-2: Foul Ball, location: 7LMF
2-2: Strikes out swinging, 2-3 out at first.
Pitching: RHP Rick Rudd
Batting: RHB Norge Carlos Hernandez 0-0: Called Strike
0-1: Ball
1-1: Ball
2-1: Swinging Strike
2-2: Ball
3-2: Ground out 5-3 (Groundball, 56, EV 104.4 MPH)
Batting: RHB Clint Hurley 0-0: Called Strike
0-1: Ball
1-1: Ball
2-1: SINGLE (Line Drive, 34D, EV 95.6 MPH)
Batting: RHB Karl Robbins 0-0: Called Strike
0-1: Ball
1-1: Fielders Choice at 2nd, 6-4 (Groundball, 6, EV 81.9 MPH)
Top of the 6th over - 0 runs, 1 hit, 0 errors, 1 left on base; Las Vegas 1 - San Francisco 0
BOTTOM OF THE 6TH
San Francisco Giants batting - Pitching for Las Vegas Hustle : LHP Jose Cruz
Batting: RHB Danny Bute 0-0: Called Strike
0-1: Foul Ball, location: 2F
0-2: Ball
1-2: Ground out 6-3 (Groundball, 6, EV 99.4 MPH)
Pitching: RHP Javy Jacome
Batting: SHB Josh Packard 0-0: Ball
1-0: Foul Ball, location: 7LMFF
1-1: Ball
2-1: Foul Ball, location: 3DF
2-2: Ground out 4-3 (Groundball, 4, EV 100.6 MPH)
Batting: RHB Kevin Mosemann 0-0: Foul Ball, location: 2F
0-1: Ball
1-1: Ball
2-1: DOUBLE (Flyball, 89XD, EV 111.3 MPH)
Batting: RHB Ben Presley 0-0: Ground out 6-3 (Groundball, 6, EV 104.4 MPH)
Bottom of the 6th over - 0 runs, 1 hit, 0 errors, 1 left on base; Las Vegas 1 - San Francisco 0
TOP OF THE 7TH
Las Vegas Hustle batting - Pitching for San Francisco Giants : RHP Rick Rudd
Pitching: RHP Drew Goodwin
Batting: RHB Rick Roberds 0-0: Ball
1-0: Ball
2-0: Called Strike
2-1: Swinging Strike
2-2: Foul Ball, location: 23FF
2-2: Ball
3-2: Strikes out swinging
Batting: SHB Jose Espinoza 0-0: Called Strike
0-1: Foul Ball, location: 2F
0-2: Ball
1-2: Foul Ball, location: 3SF
1-2: Foul Ball, location: 3DF
1-2: Fly out, F9 (Flyball, 9, EV 84.4 MPH)
Batting: RHB John Conway 0-0: Called Strike
0-1: SINGLE (Line Drive, 7S, EV 103.8 MPH)
Batting: RHB Tony Ledezma 0-0: Called Strike
0-1: Ball
1-1: Foul Ball, location: 2F
1-2: Fly out, F8 (Flyball, 78D, EV 91.9 MPH)
Top of the 7th over - 0 runs, 1 hit, 0 errors, 1 left on base; Las Vegas 1 - San Francisco 0
BOTTOM OF THE 7TH
San Francisco Giants batting - Pitching for Las Vegas Hustle : RHP Javy Jacome
Pinch Hitting: LHB Ernesto Pelayo 0-0: Fly out, F8 (Line Drive, 8LM, EV 96.9 MPH)
Batting: RHB Dave Melton 0-0: Ball
1-0: Ball
2-0: Ground out 6-3 (Groundball, 6S, EV 86.9 MPH)
Batting: RHB Masataka Kato 0-0: Ball
1-0: Ball
2-0: Called Strike
2-1: Fly out, F7 (Flyball, 78M, EV 90.0 MPH)
Bottom of the 7th over - 0 runs, 0 hits, 0 errors, 0 left on base; Las Vegas 1 - San Francisco 0
TOP OF THE 8TH
Las Vegas Hustle batting - Pitching for San Francisco Giants : RHP Drew Goodwin
Now in LF: Ernesto Pelayo
Batting: LHB Yazid Deacon 0-0: Ball
1-0: Ball
2-0: Ball
3-0: Called Strike
3-1: Called Strike
3-2: Base on Balls
Pitching: LHP Nate Torgerson
Batting: SHB Josh Osborne 0-0: Ball
1-0: Ball
2-0: Called Strike
2-1: Grounds into double play, 5-4-3 (Groundball, 56, EV 82.5 MPH)
Batting: RHB Norge Carlos Hernandez 0-0: Ball
1-0: Ball
2-0: Foul Ball, location: 2F
2-1: SINGLE (Groundball, 56, EV 84.4 MPH)
Batting: RHB Clint Hurley 0-0: Ground out 5-3 (Groundball, 5S, EV 81.3 MPH)
Top of the 8th over - 0 runs, 1 hit, 0 errors, 1 left on base; Las Vegas 1 - San Francisco 0
BOTTOM OF THE 8TH
San Francisco Giants batting - Pitching for Las Vegas Hustle : RHP Javy Jacome
Batting: LHB Daniel Cipolla 0-0: Ball
1-0: SINGLE (Line Drive, 7LS, EV 103.8 MPH)
Pinch Hitting: LHB Kevin Shaw 0-0: Called Strike
0-1: Foul Ball, location: 25FF
0-2: Ball
1-2: SINGLE (Groundball, 34D, EV 97.5 MPH)
Daniel Cipolla to second
Runner from 2nd tries for 3rd, OUT! 9-5
Kevin Shaw to second
Batting: LHB Lindsay Foreman 0-0: SINGLE (Groundball, 6MD, EV 95.0 MPH)
Kevin Shaw to third
Runner from 3rd tries for Home, SAFE, throw by CF to home
Batting: SHB Josh Packard 0-0: Ball
1-0: Foul Ball, location: 5FF
1-1: Foul Ball, location: 7LDF
1-2: Ball
2-2: Foul Ball, location: 3SF
2-2: Foul Ball, location: 7LDF
2-2: SINGLE (Groundball, 4MD, EV 110.0 MPH)
Lindsay Foreman to second
Pitching: LHP Matt Osborne
Batting: RHB Kevin Mosemann 0-0: Called Strike
0-1: Foul Ball, location: 7LMF
0-2: Ball
1-2: Fielders Choice at 2nd, 6-4 (Groundball, 6D, EV 89.4 MPH)
Lindsay Foreman to third
Batting: RHB Ben Presley 0-0: Ball
1-0: Called Strike
1-1: SINGLE (Line Drive, 89S, EV 102.5 MPH)
Lindsay Foreman scores
Kevin Mosemann to second
Batting: LHB Ernesto Pelayo 0-0: Ball
1-0: Foul Ball, location: 2F
1-1: Ground out 3-1 (Groundball, 3L, EV 103.1 MPH)
Bottom of the 8th over - 2 runs, 5 hits, 0 errors, 2 left on base; Las Vegas 1 - San Francisco 2
TOP OF THE 9TH
Las Vegas Hustle batting - Pitching for San Francisco Giants : LHP Nate Torgerson
Pitching: LHP Alexis Mendoza
Now at 1B: Greg Schaefer
Now at 2B: Bryce Bissinger
Batting: RHB Karl Robbins 0-0: Ball
1-0: Called Strike
1-1: Foul Ball, location: 2RF
1-2: Strikes out looking
Batting: RHB Rick Roberds 0-0: Ball
1-0: Ground out 6-3 (Groundball, 6, EV 100.0 MPH)
Pinch Hitting: RHB Anton Ortega 0-0: Ball
1-0: Ball
2-0: Called Strike
2-1: SINGLE (Flyball, 3D, EV 93.8 MPH)
Batting: RHB John Conway 0-0: Ball
1-0: Ball
2-0: Fielders Choice at 2nd, 6-4 (Groundball, 6, EV 101.3 MPH)
Top of the 9th over - 0 runs, 1 hit, 0 errors, 1 left on base; Las Vegas 1 - San Francisco 2
Monday, April 8th , 2024 - OOTP Baseball 24.11 Build 85